 Dungeon Crawl Stone Soup version 0.19.4-8-ga85b6b9 (console) character file.

2527 Grinner the Fighter (level 9, -1/84 HPs)
             Began as a Minotaur Monk on Feb 15, 2017.
             Killed from afar by an electric eel (12 damage)
             ... with a bolt of electricity
             ... on level 6 of the Dungeon.
             The game lasted 00:14:56 (5432 turns).

Grinner the Fighter (Minotaur Monk)                 Turns: 5432, Time: 00:14:57

Health: -1/84      AC:  4    Str: 16    XL:     9   Next: 29%
Magic:  8/8        EV: 18    Int: 12    God:
Gold:   476        SH:  0    Dex: 16    Spells: 1 memorised, 7 levels left

rFire  . . .     SeeInvis .       - Unarmed
rCold  . . .     Gourm    .     A - +0 robe
rNeg   . . .     Faith    .     (no shield)
rPois  .         Spirit   .     (helmet restricted)
rElec  .         Reflect  .     B - +0 cloak
rCorr  .         Harm     +     m - +0 pair of gloves
MR     .....                    (no boots)
Stlth  ++........               h - amulet of harm
                                (no ring)
                                v - +5 ring of intelligence

@: no status effects
A: retaliatory headbutt, horns 2
a: no special abilities


You were on level 6 of the Dungeon.
You were not hungry.

You visited 1 branch of the dungeon, and saw 6 of its levels.

You collected 476 gold pieces.

Inventory:

Hand Weapons
 a - a +0 scimitar of holy wrath
 z - a +4 quarterstaff of chaos
Armour
 m - a +0 pair of gloves (worn)
 A - a +0 robe (worn)
 B - a +0 cloak (worn)
Magical Staves
 w - an uncursed staff of death
Jewellery
 h - an amulet of harm (around neck)
 v - a +5 ring of intelligence (left hand)
Wands
 y - a wand of slowing (17/48)
 C - a wand of slowing (17/48)
Scrolls
 d - a scroll of random uselessness {unknown}
 f - 4 scrolls of teleportation {unknown}
 n - a scroll of enchant weapon {unknown}
 o - a scroll of amnesia
 p - 3 scrolls of remove curse
 r - 2 scrolls of enchant armour {unknown}
 s - a scroll of fear {unknown}
 t - a scroll of recharging {unknown}
 E - a scroll of vulnerability {unknown}
 H - a scroll of noise {unknown}
 J - a scroll of identify
Potions
 c - 3 potions of flight
 i - 3 potions of magic
 F - a potion of cure mutation {unknown}
 G - a potion of berserk rage {unknown}
 I - a potion of haste {unknown}
Books
 D - a book of Frost

   Spells                             Type                      Level
   a - Freeze                         Ice                          1
   b - Throw Frost                    Conjuration/Ice              2
   c - Ozocubu's Armour               Charms/Ice                   3
   d - Throw Icicle                   Conjuration/Ice              4
   e - Summon Ice Beast               Ice/Summoning                4
Comestibles
 b - 4 bread rations
 g - a beef jerky
 k - a meat ration
 l - a slice of pizza
 q - a chunk of flesh
 u - 2 fruits
 x - 4 royal jellies


   Skills:
 + Level 9.4 Fighting
 + Level 8.7 Dodging
 - Level 1.5 Stealth
 + Level 8.6 Unarmed Combat


You had 7 spell levels left.
You knew the following spells:

 Your Spells              Type           Power        Failure   Level  Hunger
a - Freeze                Ice            #...         34%         1    ##.....


Dungeon Overview and Level Annotations

Branches:
Dungeon (6/15)
 Temple: D:4-7

Altars:
Fedhas
Kikubaaqudgha
Nemelex Xobeh
Okawaru
Ru
Vehumet
Zin
The Shining One


Innate Abilities, Weirdness & Mutations

You reflexively headbutt those who attack you in melee.
You have a pair of horns on your head.


Message History

The electric eel shoots out a bolt of lightning at you!
The bolt of electricity misses you.
You miss the electric eel. You headbutt the electric eel.
The electric eel is lightly wounded.
The electric eel shoots out a bolt of lightning at you!
The bolt of electricity hits you!
The electric eel shoots out a bolt of lightning at you!
The bolt of electricity misses you.
You closely miss the electric eel. Your headbutt misses the electric eel.
The electric eel is lightly wounded.
The electric eel shoots out a bolt of lightning at you!
The bolt of electricity misses you.
The electric eel shoots out a bolt of lightning at you!
The bolt of electricity hits you!
* * * LOW HITPOINT WARNING * * *
You punch the electric eel!
You kill the electric eel!
The electric eel shoots out a bolt of lightning at you!
The bolt of electricity hits you!
You die...

#...........#......).......#....
##)##........#......(#########...
#)))#....(..###......'.)(....#..(
#.).#...(..## ##.....#.......#..(
#...###########################''
##### ≈≈≈≈≈≈≈≈≈≈≈≈≈≈≈≈≈≈≈≈≈≈≈...
≈≈≈≈≈≈≈≈≈≈≈≈≈≈≈≈≈≈≈≈≈≈....
≈≈≈≈≈≈≈≈≈≈;≈≈≈≈≈≈≈≈≈≈≈....
.≈≈≈.≈≈≈.@≈≈≈.≈..≈≈.≈≈≈...
..........................
..........................
####.................###..
#........)#####...##..#
#######.### ###....## #.#
####....##
########.######.........
#.....#.......#....##...


You could see an electric eel.

Vanquished Creatures
  Edmund (D:5)
  Duvessa (D:4)
  2 orc warriors
  2 ice beasts
  2 ogres (D:4)
  2 centaurs (D:5)
  5 big kobolds (D:6)
  2 bullfrogs (D:6)
  Dowan (D:4)
  3 electric eels (D:6)
  A crimson imp (D:6)
  2 howler monkeys
  A centaur zombie (D:6)
  A quasit (D:5)
  A centaur skeleton (D:6)
  3 orc priests
  Crazy Yiuf (D:4)
  A hound (D:6)
  2 orc wizards
  2 bullfrog skeletons
  Jessica (D:3)
  Terence (D:3)
  An iguana (D:5)
  Natasha (thrice) (D:4 D:5)
  2 worker ants
  7 gnolls
  7 adders
  A shadow imp (D:5)
  An ooze (D:5)
  2 adder skeletons
  3 worms
  2 dart slugs
  10 leopard geckos
  8 orcs
  3 ball pythons
  5 giant cockroaches
  11 goblins
  8 hobgoblins
  8 jackals (D:3)
  4 quokkas
  7 bats
  5 frilled lizards
  A giant cockroach zombie (D:5)
  45 kobolds
  9 rats
191 creatures vanquished.

Notes
Turn   | Place    | Note
-------+----------+-------------------------------------------
     0 | D:1      | Grinner the Minotaur Monk began the quest for the Orb.
     0 | D:1      | Reached XP level 1. HP: 19/19 MP: 0/0
    78 | D:1      | Reached XP level 2. HP: 26/27 MP: 1/1
   110 | D:1      | Reached skill level 4 in Fighting
   180 | D:1      | Reached XP level 3. HP: 23/33 MP: 2/2
   694 | D:2      | Found a blossoming altar of Fedhas.
   694 | D:2      | Found an iron altar of Okawaru.
   707 | D:2      | Found a glowing silver altar of Zin.
   766 | D:2      | Reached XP level 4. HP: 32/41 MP: 3/3
   803 | D:2      | Found a glowing golden altar of the Shining One.
  1262 | D:3      | Noticed Jessica
  1280 | D:3      | Found a faded altar of an unknown god.
  1294 | D:3      | Killed Jessica
  1316 | D:3      | Reached XP level 5. HP: 41/47 MP: 4/4
  1384 | D:3      | Reached skill level 5 in Fighting
  1433 | D:3      | Noticed Terence
  1449 | D:3      | Killed Terence
  1509 | D:3      | Found an ancient bone altar of Kikubaaqudgha.
  1793 | D:3      | Found a sparkling altar of Nemelex Xobeh.
  1850 | D:4      | Noticed an ogre
  1862 | D:4      | Killed an ogre
  1862 | D:4      | Reached skill level 5 in Dodging
  1862 | D:4      | Reached XP level 6. HP: 53/56 MP: 5/5
  1942 | D:4      | Noticed Natasha
  1946 | D:4      | Killed Natasha
  1971 | D:4      | Found a runed door.
  1975 | D:4      | Noticed Crazy Yiuf
  1980 | D:4      | Killed Crazy Yiuf
  1980 | D:4      | Reached skill level 5 in Unarmed Combat
  2255 | D:4      | Noticed Natasha
  2256 | D:4      | Noticed an orc warrior
  2259 | D:4      | Killed Natasha
  2275 | D:4      | Killed an orc warrior
  2275 | D:4      | Reached skill level 6 in Fighting
  2275 | D:4      | Reached XP level 7. HP: 63/63 MP: 6/6
  2606 | D:4      | Noticed Duvessa
  2611 | D:4      | Killed Duvessa
  2612 | D:4      | Noticed Dowan
  2616 | D:4      | Killed Dowan
  2788 | D:4      | Found a faded altar of an unknown god.
  2788 | D:4      | Found a faded altar of an unknown god.
  2794 | D:4      | Found a sacrificial altar of Ru.
  2796 | D:4      | Found a faded altar of an unknown god.
  2797 | D:4      | Found a faded altar of an unknown god.
  2978 | D:5      | Entered Level 5 of the Dungeon
  2993 | D:5      | Reached skill level 7 in Fighting
  3024 | D:5      | Reached XP level 8. HP: 47/73 MP: 7/7
  3033 | D:5      | Noticed Natasha
  3041 | D:5      | Killed Natasha
  3045 | D:5      | Learned a level 1 spell: Freeze
  3196 | D:5      | Found a sparkling altar of Nemelex Xobeh.
  3277 | D:5      | Noticed Edmund
  3291 | D:5      | Killed Edmund
  3616 | D:5      | Reached skill level 8 in Fighting
  4619 | D:6      | Reached skill level 9 in Fighting
  4619 | D:6      | Reached XP level 9. HP: 69/83 MP: 8/8
  5340 | D:6      | Found a radiant altar of Vehumet.
  5432 | D:6      | Killed from afar by an electric eel

Skill      XL: |  1  2  3  4  5  6  7  8 |
---------------+-------------------------+-----
Fighting       | 4 5 6 7 9 |  9.4
Dodging        | 4 5 6 8 |  8.7
Unarmed Combat | 4 5 6 8 |  8.6
Stealth        | |  1.5

Action                   |  1- 3 |  4- 6 |  7- 9 || total
-------------------------+-------+-------+-------++-------
Melee: Unarmed           |    87 |   123 |   249 ||   459
       Headbutt          |    10 |    21 |    56 ||    87
       Punch             |     2 |     3 |     5 ||    10
  Use: Scroll            |       |     5 |     2 ||     7
       Potion            |       |     2 |    10 ||    12
 Stab: Sleeping          |     3 |     8 |     4 ||    15
  Eat: Chunk             |       |     4 |    11 ||    15
Armor: Robe              |    14 |     8 |    23 ||    45
       Skin              |       |     7 |     1 ||     8
Dodge: Dodged            |    63 |    76 |   230 ||   369
